Remparts vs Gangsters
(R1)
Created - February 19, 2018 at 19:18
Goals
|
| Remparts |
1 |
1 |
3 |
5 |
| Gangsters |
0 |
1 |
2 |
3 |
|
Shots
|
| Remparts |
14 |
7 |
11 |
32 |
| Gangsters |
11 |
10 |
18 |
39 |
|
1st period
1. Remparts , Alex Galchenyuk 31 (Cody Ceci 15, Tyler Plante) at 1:10 (PP)
Penalties :
Chris Bourque (Bro) for Tripping (Minor) at 0:22, Morgan Ellis (Bro) for Interference (Minor) at 4:14, William Colbert (Que) for Roughing (Minor) at 9:32
2nd period
2. Remparts , Cédric Lalonde-McNicoll 11 (Justin Williams 13) at 3:18
3. Gangsters , Gustav Nyquist 28 (Bryan Young 16) at 6:43
Penalties :
Colten Teubert (Bro) for Roughing (Minor) at 1:00, Magnus Paajarvi-Svensson (Bro) for Hooking (Minor) at 14:14, Dale Weise (Que) for Holding (Minor) at 16:37
3rd period
4. Gangsters , Artem Anisimov 6 (Matt Delahey 14, Chris Bourque 45) at 0:14
5. Remparts , Ryan Strome 12 (Dainius Zubrus 10) at 0:18
6. Gangsters , Chris Bourque 42 (Matt Delahey 15) at 13:36 (SH)
7. Remparts , Dainius Zubrus 6 (Alex Galchenyuk 37) at 13:48 (PP)
8. Remparts , Max Reinhart 15 (Guillaume Desbiens 42, Ryan Strome 23) at 19:38
Penalties :
Devante Smith-Pelly (Bro) for Holding (Minor) at 3:27, Jonas Brodin (Bro) for Hooking (Minor) at 7:12, Brett Ponich (Bro) for Close Hand On Puck (Minor) at 9:21, Magnus Paajarvi-Svensson (Bro) for Cross-checking (Minor) at 13:05, Mike Weber (Que) for Hooking (Minor) at 17:22
Goalie Stats
Tyler Plante (Que), 36 saves from 39 shots - (0.923), W, 14-15-3, 60:00 minutes
Dustin Tokarski (Bro), 27 saves from 32 shots - (0.844), L, 19-10-2, 60:00 minutes
Players Stats for Remparts
Player Name G A P +/- PIM S H SB GA TA FO MP PP MP PK MP
------------------------------------------------------------------------------------
Alex Galchenyuk 1 1 2 0 0 7 0 1 1 2 1/2 20:24 7:17 0:53
Cédric Lalonde-McNicoll 1 0 1 1 0 1 2 0 0 0 3/8 9:34 0:00 0:00
Chris Mueller 0 0 0 0 0 0 1 2 0 0 1/3 6:49 0:00 1:40
Cody Ceci 0 1 1 0 0 0 2 4 0 1 0/0 24:42 5:02 3:30
Dainius Zubrus 1 1 2 0 0 4 3 0 0 1 17/34 19:57 7:21 0:10
Dale Weise 0 0 0 0 2 0 0 0 0 0 0/1 5:40 0:00 0:00
Daniel Paille 0 0 0 -2 0 6 1 0 1 1 0/2 18:11 5:35 0:00
Erik Gustafsson 0 0 0 1 0 1 1 3 0 1 0/0 14:55 0:00 2:39
Guillaume Desbiens 0 1 1 -1 0 1 3 1 1 0 0/0 19:29 5:35 1:04
Justin Williams 0 1 1 1 0 1 1 0 1 0 0/0 10:22 0:33 0:00
Kris Russell 0 0 0 -1 0 1 3 0 0 0 0/0 27:39 8:23 2:39
Max Reinhart 1 0 1 -1 0 3 0 1 0 2 8/17 22:00 5:35 3:12
Michal Jordan 0 0 0 1 0 0 0 0 0 1 0/0 12:04 0:00 0:44
Mike Weber 0 0 0 -1 2 1 0 1 2 1 0/0 22:40 8:23 2:15
Pasi Salonen 0 0 0 1 0 3 0 1 1 3 0/0 12:10 0:36 1:40
Patrick Maroon 0 0 0 0 0 0 0 1 0 0 0/0 9:37 0:26 3:15
Ryan Strome 1 1 2 1 0 2 0 0 0 0 0/1 19:45 7:17 0:00
William Colbert 0 0 0 0 2 1 3 1 0 0 0/0 18:02 5:02 0:07
Players Stats for Gangsters
Player Name G A P +/- PIM S H SB GA TA FO MP PP MP PK MP
------------------------------------------------------------------------------------
Artem Anisimov 1 0 1 1 0 4 1 0 0 1 13/24 23:12 3:24 7:30
Austen Brassard 0 0 0 0 0 0 0 0 0 0 0/0 0:00 0:00 0:00
Brendan Woods 0 0 0 0 0 0 0 0 0 0 0/0 6:10 0:00 0:00
Brett Ponich 0 0 0 -1 2 0 0 1 0 1 0/0 9:11 0:00 1:04
Bryan Young 0 1 1 0 0 1 0 3 1 2 0/0 28:00 3:21 7:27
Chris Bourque 1 1 2 2 2 8 1 0 1 0 2/6 20:47 3:24 5:06
Colten Teubert 0 0 0 1 2 3 2 4 1 0 0/0 26:33 3:21 6:20
Dave Dziurzynski 0 0 0 -1 0 3 1 0 1 1 0/0 9:57 0:00 0:00
Derrick Pouliot 0 0 0 0 0 0 0 0 0 0 0/0 4:22 0:00 0:00
Devante Smith-Pelly 0 0 0 -1 2 3 2 0 1 0 0/0 9:56 0:00 0:00
Gustav Nyquist 1 0 1 1 0 8 3 1 2 1 9/16 23:12 3:24 7:30
Jonas Brodin 0 0 0 0 2 0 0 0 0 0 0/0 4:22 0:00 0:00
Kevin Roy 0 0 0 -1 0 0 0 0 0 0 0/0 0:15 0:00 0:00
Magnus Paajarvi-Svensson 0 0 0 0 4 3 2 0 0 0 0/1 14:32 2:33 0:03
Matt Delahey 0 2 2 1 0 1 0 4 2 0 0/0 19:45 2:36 5:58
Maxime Sauvé 0 0 0 1 0 1 2 0 0 0 9/13 18:02 2:33 3:50
Michael Sdao 0 0 0 1 0 0 1 1 0 0 0/0 19:45 2:36 5:58
Morgan Ellis 0 0 0 -1 2 0 1 0 0 0 0/0 8:17 0:00 0:03
Phillip Danault 0 0 0 -1 0 0 0 0 0 0 0/0 0:40 0:00 0:25
Richard Panik 0 0 0 0 0 3 0 1 2 0 0/0 13:57 2:33 0:00
Ryan Culkin 0 0 0 -1 0 0 0 0 0 0 0/0 0:15 0:00 0:00
Sebastian Collberg 0 0 0 -1 0 0 0 0 0 0 0/0 3:00 0:00 2:26
Seth Griffith 0 0 0 0 0 0 0 0 0 0 1/1 6:10 0:00 0:00
Stefan Noesen 0 0 0 0 0 1 0 0 1 1 0/0 6:10 0:00 0:00
Tomas Hertl 0 0 0 -1 0 0 0 0 1 0 4/7 9:57 0:00 0:00
3 Stars
1 - Dainius Zubrus (Que)
2 - Ryan Strome (Que)
3 - Alex Galchenyuk (Que)
Power Play
Remparts - 2 on 8 Attempt(s) - 25.00%
Gangsters - 0 on 3 Attempt(s) - 0.00%
Penalty Kill
Remparts - 3 on 3 Attempt(s) - 100.00%
- Score 0 goal in Penalty Kill
Gangsters - 6 on 8 Attempt(s) - 75.00%
- Score 1 goal in Penalty Kill
Team Stat
Remparts - Hits : 20 - Faceoff Wins : 30 - Blocked Shots : 16 - Penalty Minutes : 6
Gangsters - Hits : 16 - Faceoff Wins : 38 - Blocked Shots : 15 - Penalty Minutes : 16
Official
Referees : Lee Chris and Banfield David
Linesman : Steve Miller and Mike Cvik
Game Notes
No Game Note
Finance
Level 1 -- Attendance: 1562 (78.10%) -- Ticket Income $62,480
Level 2 -- Attendance: 791 (79.10%) -- Ticket Income $15,820
Total Attendance: 2353 (78.43%)
Total Ticket Income: $78,300
Other Income: $3,915
Total Income: $82,215
Remparts
5 vs 5 Forward
Center Left Wing Right Wing Time % Phy DF OF
1 Dainius Zubrus Alex Galchenyuk Ryan Strome 40 0 2 3
2 Max Reinhart Daniel Paille Guillaume Desbiens 30 0 2 3
3 Cédric Lalonde-McNicoll Pasi Salonen Justin Williams 20 1 3 1
4 Chris Mueller Patrick Maroon Dale Weise 10 1 2 2
5 vs 5 Defense
Defense Defense Time % Phy DF OF
1 Kris Russell Cody Ceci 40 0 2 3
2 Mike Weber William Colbert 30 0 2 3
3 Michal Jordan Erik Gustafsson 20 1 3 1
4 Kris Russell Cody Ceci 10 0 2 3
PowerPlay Forward
Center Left Wing Right Wing Time % Phy DF OF
1 Dainius Zubrus Alex Galchenyuk Ryan Strome 60 1 0 4
2 Max Reinhart Daniel Paille Guillaume Desbiens 40 1 0 4
PowerPlay Defense
Defense Defense Time % Phy DF OF
1 Kris Russell Mike Weber 60 0 2 3
2 William Colbert Cody Ceci 40 0 2 3
Penalty Kill 4 Players Forward
Center Wing Time % Phy DF OF
1 Max Reinhart Patrick Maroon 60 0 4 1
2 Chris Mueller Pasi Salonen 40 0 4 1
Penalty Kill 4 Players Defense
Defense Defense Time % Phy DF OF
1 Cody Ceci Mike Weber 60 1 4 0
2 Erik Gustafsson Kris Russell 40 1 4 0
Penalty Kill - 3 Players Forward
Forward Time % Phy DF OF
1 Max Reinhart 60 0 4 1
2 Chris Mueller 40 0 4 1
Penalty Kill - 3 Players Defense
Defense Defense Time % Phy DF OF
1 Cody Ceci Mike Weber 60 1 4 0
2 Erik Gustafsson Kris Russell 40 1 4 0
4 vs 4 Forward
Center Wing Time % Phy DF OF
1 Dainius Zubrus Alex Galchenyuk 60 0 2 3
2 Max Reinhart Guillaume Desbiens 40 0 2 3
4 vs 4 Defense
Defense Defense Time % Phy DF OF
1 Kris Russell William Colbert 60 0 3 2
2 Mike Weber Cody Ceci 40 1 2 2
Last Minutes Offensive
Center Left Wing Right Wing Defense Defense
Dainius Zubrus Alex Galchenyuk Ryan Strome Kris Russell Mike Weber
Last Minutes Defensive
Center Left Wing Right Wing Defense Defense
Max Reinhart Patrick Maroon Guillaume Desbiens Cody Ceci Mike Weber
Goaltenders
Starting : Tyler Plante
Backup : Igor Bobkov
Extra Forwards
Normal : Ryan Strome, Pasi Salonen, Max Reinhart - PP : Ryan Strome, Pasi Salonen - PK : Guillaume Desbiens
Extra Defensemen
Normal : William Colbert, Cody Ceci, Mike Weber - PP : Cody Ceci - PK : Erik Gustafsson, Cody Ceci
Penalty Shots
Pasi Salonen, Daniel Paille, Justin Williams, Ryan Strome, Dainius Zubrus
Scratches
Johannes Salmonsson (Broken Bone (Right Arm) Injury), Griffin Reinhart (Healthy), Michael Paliotta (Healthy), Anton Zlobin (Healthy), Mitchell Heard (Healthy)
Brandon Mashinter (Healthy), Tim Bozon (Healthy), François Brassard (Healthy)
Gangsters
5 vs 5 Forward
Center Left Wing Right Wing Time % Phy DF OF
1 Artem Anisimov Chris Bourque Gustav Nyquist 40 1 2 2
2 Maxime Sauvé Magnus Paajarvi-Svensson Richard Panik 30 1 2 2
3 Tomas Hertl Dave Dziurzynski Devante Smith-Pelly 20 1 2 2
4 Seth Griffith Brendan Woods Stefan Noesen 10 1 2 2
5 vs 5 Defense
Defense Defense Time % Phy DF OF
1 Colten Teubert Bryan Young 40 1 2 2
2 Matt Delahey Michael Sdao 30 1 2 2
3 Brett Ponich Morgan Ellis 20 1 2 2
4 Jonas Brodin Derrick Pouliot 10 1 2 2
PowerPlay Forward
Center Left Wing Right Wing Time % Phy DF OF
1 Artem Anisimov Chris Bourque Gustav Nyquist 60 1 2 2
2 Maxime Sauvé Magnus Paajarvi-Svensson Richard Panik 40 1 2 2
PowerPlay Defense
Defense Defense Time % Phy DF OF
1 Colten Teubert Bryan Young 60 1 2 2
2 Matt Delahey Michael Sdao 40 1 2 2
Penalty Kill 4 Players Forward
Center Wing Time % Phy DF OF
1 Gustav Nyquist Artem Anisimov 60 1 2 2
2 Chris Bourque Maxime Sauvé 40 1 2 2
Penalty Kill 4 Players Defense
Defense Defense Time % Phy DF OF
1 Colten Teubert Bryan Young 60 1 2 2
2 Matt Delahey Michael Sdao 40 1 2 2
Penalty Kill - 3 Players Forward
Forward Time % Phy DF OF
1 Gustav Nyquist 60 1 2 2
2 Artem Anisimov 40 1 2 2
Penalty Kill - 3 Players Defense
Defense Defense Time % Phy DF OF
1 Colten Teubert Bryan Young 60 1 2 2
2 Matt Delahey Michael Sdao 40 1 2 2
4 vs 4 Forward
Center Wing Time % Phy DF OF
1 Gustav Nyquist Artem Anisimov 60 1 2 2
2 Chris Bourque Maxime Sauvé 40 1 2 2
4 vs 4 Defense
Defense Defense Time % Phy DF OF
1 Colten Teubert Bryan Young 60 1 2 2
2 Matt Delahey Michael Sdao 40 1 2 2
Last Minutes Offensive
Center Left Wing Right Wing Defense Defense
Artem Anisimov Chris Bourque Gustav Nyquist Colten Teubert Bryan Young
Last Minutes Defensive
Center Left Wing Right Wing Defense Defense
Artem Anisimov Chris Bourque Gustav Nyquist Colten Teubert Bryan Young
Goaltenders
Starting : Dustin Tokarski
Backup : Mike Condon
Extra Forwards
Normal : Phillip Danault, Kevin Roy, Sebastian Collberg - PP : Phillip Danault, Kevin Roy - PK : Sebastian Collberg
Extra Defensemen
Normal : Ryan Culkin, Brett Ponich, Morgan Ellis - PP : Ryan Culkin - PK : Brett Ponich, Morgan Ellis
Penalty Shots
Gustav Nyquist, Artem Anisimov, Chris Bourque, Maxime Sauvé, Tomas Hertl
Scratches
Patrik Nemeth (Sprained Left Ankle Injury), Jordan Binnington (Healthy)
% Time on Ice - Remparts
Lines # - Real PCT - Wanted PCT - Time Play
Normal Forward
1 - 32% - 40% - 13:05
2 - 31% - 30% - 12:40
3 - 24% - 20% - 9:34
4 - 13% - 10% - 5:05
Normal Defense
1 - 36% - 40% - 14:42
2 - 34% - 30% - 13:49
3 - 28% - 20% - 11:20
4 - 1% - 10% - 0:33
PP Forward
1 - 58% - 60% - 7:50
2 - 42% - 40% - 5:35
PP Defense
1 - 62% - 60% - 8:23
2 - 38% - 40% - 5:02
PK Forward
1 - 72% - 60% - 4:17
2 - 28% - 40% - 1:40
PK Defense
1 - 71% - 60% - 4:14
2 - 29% - 40% - 1:43
PK3 Forward
1 - 0% - 60%
2 - 0% - 40%
PK3 Defense
1 - 0% - 60%
2 - 0% - 40%
44 Forward
1 - 0% - 60%
2 - 0% - 40%
44 Defense
1 - 0% - 60%
2 - 0% - 40%
Last Minute Offensive - 0:00
Last Minute Defensive - 0:14
Total
Forward - 60:00
Defense - 60:00
|
% Time on Ice - Gangsters
Lines # - Real PCT - Wanted PCT - Time Play
Normal Forward
1 - 31% - 40% - 12:37
2 - 29% - 30% - 11:39
3 - 25% - 20% - 9:57
4 - 15% - 10% - 6:10
Normal Defense
1 - 43% - 40% - 17:12
2 - 28% - 30% - 11:11
3 - 19% - 20% - 7:38
4 - 11% - 10% - 4:22
PP Forward
1 - 57% - 60% - 3:24
2 - 43% - 40% - 2:33
PP Defense
1 - 56% - 60% - 3:21
2 - 44% - 40% - 2:36
PK Forward
1 - 71% - 60% - 9:35
2 - 29% - 40% - 3:50
PK Defense
1 - 56% - 60% - 7:27
2 - 44% - 40% - 5:58
PK3 Forward
1 - 0% - 60%
2 - 0% - 40%
PK3 Defense
1 - 0% - 60%
2 - 0% - 40%
44 Forward
1 - 0% - 60%
2 - 0% - 40%
44 Defense
1 - 0% - 60%
2 - 0% - 40%
Last Minute Offensive - 0:15
Last Minute Defensive - 0:00
Total
Forward - 60:00
Defense - 60:00
|
Play by Play
1st period
0:01 of 1st period - Dainius Zubrus wins face-off versus Artem Anisimov in neutral zone.
0:22 of 1st period - Minor Penalty to Chris Bourque for Tripping.
0:23 of 1st period - Gustav Nyquist wins face-off versus Dainius Zubrus in Gangsters zone.
0:56 of 1st period - Slapshot by Daniel Paille.
0:56 of 1st period - Stopped by Dustin Tokarski without a rebound.
0:57 of 1st period - Gustav Nyquist wins face-off versus Dainius Zubrus in Gangsters zone.
1:10 of 1st period - Backhand shot by Alex Galchenyuk.
1:10 of 1st period - Goal by Alex Galchenyuk - Remparts : 1 - Gangsters : 0.
1:11 of 1st period - Maxime Sauvé wins face-off versus Max Reinhart in neutral zone.
1:22 of 1st period - Matt Delahey is hit by William Colbert and loses puck.
2:01 of 1st period - Wrist shot by Alex Galchenyuk.
2:01 of 1st period - Deflect By Dainius Zubrus.
2:01 of 1st period - Stopped by Dustin Tokarski without a rebound.
2:02 of 1st period - Dainius Zubrus wins face-off versus Maxime Sauvé in Gangsters zone.
2:15 of 1st period - Alex Galchenyuk is hit by Maxime Sauvé and loses puck.
2:22 of 1st period - Slapshot by Alex Galchenyuk.
2:22 of 1st period - Stopped by Dustin Tokarski without a rebound.
2:23 of 1st period - Artem Anisimov wins face-off versus Max Reinhart in Gangsters zone.
2:50 of 1st period - Brendan Woods is hit by Erik Gustafsson and loses puck.
3:16 of 1st period - Wrist shot by Dainius Zubrus.
3:16 of 1st period - Shot Misses the Net.
3:18 of 1st period - Snap shot by Erik Gustafsson.
3:18 of 1st period - Stopped by Dustin Tokarski without a rebound.
3:19 of 1st period - Cédric Lalonde-McNicoll wins face-off versus Artem Anisimov in Gangsters zone.
3:26 of 1st period - Wrist shot by Artem Anisimov.
3:26 of 1st period - Stopped by Tyler Plante with a rebound.
3:44 of 1st period - Magnus Paajarvi-Svensson is hit by Guillaume Desbiens and loses puck.
4:14 of 1st period - Minor Penalty to Morgan Ellis for Interference.
4:15 of 1st period - Dainius Zubrus wins face-off versus Gustav Nyquist in Gangsters zone.
4:15 of 1st period - Snap shot by Alex Galchenyuk.
4:15 of 1st period - Shot Misses the Net.
4:17 of 1st period - Wrist shot by Alex Galchenyuk.
4:17 of 1st period - Stopped by Dustin Tokarski with a rebound.
4:19 of 1st period - Slapshot by Mike Weber.
4:19 of 1st period - Stopped by Dustin Tokarski with a rebound.
4:21 of 1st period - Snap shot by Kris Russell.
4:21 of 1st period - Deflect By Bryan Young.
4:21 of 1st period - Stopped by Dustin Tokarski with a rebound.
5:44 of 1st period - Chris Bourque is hit by William Colbert.
6:14 of 1st period - Penalty to Morgan Ellis is over, Morgan Ellis is back on ice.
6:19 of 1st period - Justin Williams is hit by Morgan Ellis and loses puck.
6:47 of 1st period - Snap shot by Devante Smith-Pelly.
6:47 of 1st period - Shot Blocked by Mike Weber.
7:45 of 1st period - Slapshot by Colten Teubert.
7:45 of 1st period - Shot Blocked by Chris Mueller.
8:48 of 1st period - Wrist shot by Tomas Hertl.
8:48 of 1st period - Shot Misses the Net.
9:05 of 1st period - Wrist shot by Gustav Nyquist.
9:05 of 1st period - Stopped by Tyler Plante without a rebound.
9:06 of 1st period - Artem Anisimov wins face-off versus Max Reinhart in Remparts zone.
9:32 of 1st period - Minor Penalty to William Colbert for Roughing.
9:33 of 1st period - Chris Bourque wins face-off versus Max Reinhart in Remparts zone.
9:44 of 1st period - Max Reinhart is hit by Artem Anisimov.
11:04 of 1st period - Alex Galchenyuk is hit by Gustav Nyquist and loses puck.
11:32 of 1st period - Penalty to William Colbert is over, William Colbert is back on ice.
11:53 of 1st period - Wrist shot by Justin Williams.
11:53 of 1st period - Shot Blocked by Matt Delahey.
12:07 of 1st period - Brendan Woods is hit by Dainius Zubrus and loses puck.
12:16 of 1st period - Wrist shot by Dainius Zubrus.
12:16 of 1st period - Shot Misses the Net.
12:39 of 1st period - Icing by Kris Russell.
12:40 of 1st period - Tomas Hertl wins face-off versus Chris Mueller in Remparts zone.
12:41 of 1st period - Slapshot by Devante Smith-Pelly.
12:41 of 1st period - Stopped by Tyler Plante without a rebound.
12:42 of 1st period - Artem Anisimov wins face-off versus Dale Weise in Remparts zone.
12:51 of 1st period - Wrist shot by Gustav Nyquist.
12:51 of 1st period - Shot Blocked by Chris Mueller.
13:32 of 1st period - Dainius Zubrus is hit by Dave Dziurzynski and loses puck.
14:47 of 1st period - Slapshot by Dave Dziurzynski.
14:47 of 1st period - Stopped by Tyler Plante without a rebound.
14:48 of 1st period - Dainius Zubrus wins face-off versus Artem Anisimov in Remparts zone.
14:55 of 1st period - Wrist shot by Ryan Strome.
14:55 of 1st period - Stopped by Dustin Tokarski with a rebound.
14:57 of 1st period - Slapshot by Dainius Zubrus.
14:57 of 1st period - Stopped by Dustin Tokarski without a rebound.
14:58 of 1st period - Gustav Nyquist wins face-off versus Alex Galchenyuk in Gangsters zone.
15:31 of 1st period - Snap shot by Chris Bourque.
15:31 of 1st period - Stopped by Tyler Plante with a rebound.
15:53 of 1st period - Snap shot by Alex Galchenyuk.
15:53 of 1st period - Shot Misses the Net.
15:55 of 1st period - Wrist shot by Dainius Zubrus.
15:55 of 1st period - Shot Misses the Net.
15:57 of 1st period - Snap shot by Erik Gustafsson.
15:57 of 1st period - Shot Blocked by Bryan Young.
15:59 of 1st period - Slapshot by Alex Galchenyuk.
15:59 of 1st period - Deflect By Ryan Strome.
15:59 of 1st period - Shot Blocked by Colten Teubert.
15:59 of 1st period - Puck is out of play.
16:00 of 1st period - Max Reinhart wins face-off versus Maxime Sauvé in Gangsters zone.
16:05 of 1st period - Wrist shot by Daniel Paille.
16:05 of 1st period - Stopped by Dustin Tokarski without a rebound.
16:06 of 1st period - Maxime Sauvé wins face-off versus Max Reinhart in Gangsters zone.
16:15 of 1st period - Slapshot by Daniel Paille.
16:15 of 1st period - Stopped by Dustin Tokarski with a rebound.
16:17 of 1st period - Snap shot by Guillaume Desbiens.
16:17 of 1st period - Stopped by Dustin Tokarski with a rebound.
16:19 of 1st period - Slapshot by Cody Ceci.
16:19 of 1st period - Shot Misses the Net.
16:21 of 1st period - Backhand shot by Guillaume Desbiens.
16:21 of 1st period - Shot Misses the Net.
16:31 of 1st period - Slapshot by Pasi Salonen.
16:31 of 1st period - Stopped by Dustin Tokarski with a rebound.
16:39 of 1st period - Slapshot by Devante Smith-Pelly.
16:39 of 1st period - Shot Blocked by Pasi Salonen.
16:57 of 1st period - Slapshot by Colten Teubert.
16:57 of 1st period - Shot Blocked by Cody Ceci.
17:45 of 1st period - Wrist shot by Ryan Strome.
17:45 of 1st period - Shot Misses the Net.
18:49 of 1st period - Snap shot by Richard Panik.
18:49 of 1st period - Stopped by Tyler Plante without a rebound.
18:50 of 1st period - Maxime Sauvé wins face-off versus Dainius Zubrus in Remparts zone.
18:51 of 1st period - Slapshot by Richard Panik.
18:51 of 1st period - Shot Misses the Net.
19:05 of 1st period - Wrist shot by Richard Panik.
19:05 of 1st period - Shot Blocked by Alex Galchenyuk.
19:13 of 1st period - Snap shot by Richard Panik.
19:13 of 1st period - Stopped by Tyler Plante with a rebound.
19:15 of 1st period - Snap shot by Maxime Sauvé.
19:15 of 1st period - Shot Misses the Net.
19:17 of 1st period - Slapshot by Bryan Young.
19:17 of 1st period - Stopped by Tyler Plante without a rebound.
19:18 of 1st period - Artem Anisimov wins face-off versus Daniel Paille in Remparts zone.
19:23 of 1st period - Snap shot by Gustav Nyquist.
19:23 of 1st period - Stopped by Tyler Plante with a rebound.
19:25 of 1st period - Snap shot by Chris Bourque.
19:25 of 1st period - Stopped by Tyler Plante with a rebound.
19:27 of 1st period - Wrist shot by Gustav Nyquist.
19:27 of 1st period - Stopped by Tyler Plante without a rebound.
19:28 of 1st period - Max Reinhart wins face-off versus Chris Bourque in Remparts zone.
Goals for this period are 1 for Remparts vs 0 for Gangsters.
Shots for this period are 14 for Remparts vs 11 for Gangsters.
2nd period
0:01 of 2nd period - Artem Anisimov wins face-off versus Dainius Zubrus in neutral zone.
0:04 of 2nd period - Ryan Strome is hit by Gustav Nyquist and loses puck.
0:09 of 2nd period - Snap shot by Chris Bourque.
0:09 of 2nd period - Shot Blocked by Cody Ceci.
0:11 of 2nd period - Snap shot by Artem Anisimov.
0:11 of 2nd period - Shot Misses the Net.
0:13 of 2nd period - Wrist shot by Chris Bourque.
0:13 of 2nd period - Stopped by Tyler Plante with a rebound.
0:15 of 2nd period - Wrist shot by Chris Bourque.
0:15 of 2nd period - Stopped by Tyler Plante without a rebound.
0:16 of 2nd period - Max Reinhart wins face-off versus Maxime Sauvé in Remparts zone.
0:16 of 2nd period - Max Reinhart is hit by Magnus Paajarvi-Svensson.
0:22 of 2nd period - Maxime Sauvé is hit by Kris Russell and loses puck.
0:41 of 2nd period - Bryan Young is hit by Justin Williams and loses puck.
1:00 of 2nd period - Minor Penalty to Colten Teubert for Roughing.
1:01 of 2nd period - Gustav Nyquist wins face-off versus Dainius Zubrus in Gangsters zone.
1:14 of 2nd period - Snap shot by Alex Galchenyuk.
1:14 of 2nd period - Deflect By Artem Anisimov.
1:14 of 2nd period - Shot Blocked by Matt Delahey.
1:14 of 2nd period - Puck is out of play.
1:15 of 2nd period - Dainius Zubrus wins face-off versus Gustav Nyquist in Gangsters zone.
1:18 of 2nd period - Wrist shot by Alex Galchenyuk.
1:18 of 2nd period - Deflect By Dainius Zubrus.
1:18 of 2nd period - Shot Misses the Net.
1:18 of 2nd period - Puck is out of play.
1:19 of 2nd period - Dainius Zubrus wins face-off versus Gustav Nyquist in Gangsters zone.
3:00 of 2nd period - Penalty to Colten Teubert is over, Colten Teubert is back on ice.
3:18 of 2nd period - Slapshot by Cédric Lalonde-McNicoll.
3:18 of 2nd period - Goal by Cédric Lalonde-McNicoll - Remparts : 2 - Gangsters : 0.
3:19 of 2nd period - Artem Anisimov wins face-off versus Dainius Zubrus in neutral zone.
3:44 of 2nd period - Magnus Paajarvi-Svensson is hit by Cédric Lalonde-McNicoll and loses puck.
3:49 of 2nd period - Snap shot by Justin Williams.
3:49 of 2nd period - Shot Blocked by Matt Delahey.
4:24 of 2nd period - Max Reinhart is hit by Devante Smith-Pelly and loses puck.
4:55 of 2nd period - Wrist shot by Gustav Nyquist.
4:55 of 2nd period - Stopped by Tyler Plante with a rebound.
5:01 of 2nd period - Patrick Maroon is hit by Chris Bourque and loses puck.
5:13 of 2nd period - Icing by Gustav Nyquist.
5:14 of 2nd period - Maxime Sauvé wins face-off versus Cédric Lalonde-McNicoll in Gangsters zone.
5:19 of 2nd period - Slapshot by Richard Panik.
5:19 of 2nd period - Deflect By Pasi Salonen.
5:19 of 2nd period - Stopped by Tyler Plante with a rebound.
5:21 of 2nd period - Snap shot by Richard Panik.
5:21 of 2nd period - Shot Misses the Net.
5:23 of 2nd period - Slapshot by Morgan Ellis.
5:23 of 2nd period - Deflect By Magnus Paajarvi-Svensson.
5:23 of 2nd period - Shot Misses the Net.
5:23 of 2nd period - Puck is out of play.
5:24 of 2nd period - Artem Anisimov wins face-off versus Dainius Zubrus in Remparts zone.
5:40 of 2nd period - Icing by Colten Teubert.
5:41 of 2nd period - Max Reinhart wins face-off versus Artem Anisimov in Gangsters zone.
5:48 of 2nd period - Wrist shot by Guillaume Desbiens.
5:48 of 2nd period - Shot Blocked by Colten Teubert.
5:50 of 2nd period - Wrist shot by Max Reinhart.
5:50 of 2nd period - Stopped by Dustin Tokarski without a rebound.
5:51 of 2nd period - Max Reinhart wins face-off versus Artem Anisimov in Gangsters zone.
6:19 of 2nd period - Snap shot by Artem Anisimov.
6:19 of 2nd period - Deflect By Chris Bourque.
6:19 of 2nd period - Stopped by Tyler Plante with a rebound.
6:21 of 2nd period - Wrist shot by Chris Bourque.
6:21 of 2nd period - Shot Misses the Net.
6:43 of 2nd period - Wrist shot by Gustav Nyquist.
6:43 of 2nd period - Goal by Gustav Nyquist - Remparts : 2 - Gangsters : 1.
6:44 of 2nd period - Maxime Sauvé wins face-off versus Ryan Strome in neutral zone.
7:35 of 2nd period - Snap shot by Alex Galchenyuk.
7:35 of 2nd period - Stopped by Dustin Tokarski without a rebound.
7:36 of 2nd period - Tomas Hertl wins face-off versus Cédric Lalonde-McNicoll in Gangsters zone.
8:22 of 2nd period - Maxime Sauvé is hit by Chris Mueller and loses puck.
8:43 of 2nd period - Snap shot by Pasi Salonen.
8:43 of 2nd period - Shot Misses the Net.
8:45 of 2nd period - Snap shot by Pasi Salonen.
8:45 of 2nd period - Shot Blocked by Bryan Young.
8:47 of 2nd period - Wrist shot by Justin Williams.
8:47 of 2nd period - Shot Blocked by Colten Teubert.
8:49 of 2nd period - Slapshot by Justin Williams.
8:49 of 2nd period - Stopped by Dustin Tokarski without a rebound.
8:50 of 2nd period - Artem Anisimov wins face-off versus Dainius Zubrus in Gangsters zone.
9:16 of 2nd period - Maxime Sauvé is hit by Guillaume Desbiens.
9:26 of 2nd period - Wrist shot by Guillaume Desbiens.
9:26 of 2nd period - Shot Misses the Net.
9:40 of 2nd period - Cédric Lalonde-McNicoll is hit by Michael Sdao.
9:44 of 2nd period - Wrist shot by Tomas Hertl.
9:44 of 2nd period - Shot Misses the Net.
10:07 of 2nd period - Alex Galchenyuk is hit by Colten Teubert and loses puck.
10:51 of 2nd period - Icing by Jonas Brodin.
10:52 of 2nd period - Dainius Zubrus wins face-off versus Magnus Paajarvi-Svensson in Gangsters zone.
11:11 of 2nd period - Snap shot by Magnus Paajarvi-Svensson.
11:11 of 2nd period - Shot Misses the Net.
11:13 of 2nd period - Wrist shot by Magnus Paajarvi-Svensson.
11:13 of 2nd period - Stopped by Tyler Plante with a rebound.
11:15 of 2nd period - Snap shot by Magnus Paajarvi-Svensson.
11:15 of 2nd period - Stopped by Tyler Plante without a rebound.
11:16 of 2nd period - Max Reinhart wins face-off versus Artem Anisimov in Remparts zone.
11:23 of 2nd period - Wrist shot by Guillaume Desbiens.
11:23 of 2nd period - Shot Misses the Net.
11:31 of 2nd period - Slapshot by Colten Teubert.
11:31 of 2nd period - Shot Blocked by Erik Gustafsson.
12:02 of 2nd period - Wrist shot by Alex Galchenyuk.
12:02 of 2nd period - Stopped by Dustin Tokarski without a rebound.
12:03 of 2nd period - Maxime Sauvé wins face-off versus Dainius Zubrus in Gangsters zone.
12:41 of 2nd period - Snap shot by Richard Panik.
12:41 of 2nd period - Shot Misses the Net.
12:51 of 2nd period - Snap shot by Maxime Sauvé.
12:51 of 2nd period - Stopped by Tyler Plante without a rebound.
12:52 of 2nd period - Dainius Zubrus wins face-off versus Artem Anisimov in Remparts zone.
12:54 of 2nd period - Icing by Kris Russell.
12:55 of 2nd period - Dainius Zubrus wins face-off versus Artem Anisimov in Remparts zone.
13:24 of 2nd period - Wrist shot by Daniel Paille.
13:24 of 2nd period - Deflect By Max Reinhart.
13:24 of 2nd period - Stopped by Dustin Tokarski without a rebound.
13:25 of 2nd period - Maxime Sauvé wins face-off versus Daniel Paille in Gangsters zone.
13:25 of 2nd period - Maxime Sauvé is hit by Guillaume Desbiens.
13:33 of 2nd period - Snap shot by Magnus Paajarvi-Svensson.
13:33 of 2nd period - Stopped by Tyler Plante with a rebound.
14:14 of 2nd period - Minor Penalty to Magnus Paajarvi-Svensson for Hooking.
14:15 of 2nd period - Dainius Zubrus wins face-off versus Gustav Nyquist in Gangsters zone.
14:48 of 2nd period - Gustav Nyquist is hit by Dainius Zubrus and loses puck.
15:21 of 2nd period - Kris Russell is hit by Colten Teubert and loses puck.
16:14 of 2nd period - Penalty to Magnus Paajarvi-Svensson is over, Magnus Paajarvi-Svensson is back on ice.
16:27 of 2nd period - Wrist shot by Gustav Nyquist.
16:27 of 2nd period - Shot Misses the Net.
16:29 of 2nd period - Slapshot by Matt Delahey.
16:29 of 2nd period - Deflect By Gustav Nyquist.
16:29 of 2nd period - Shot Blocked by William Colbert.
16:29 of 2nd period - Puck is out of play.
16:30 of 2nd period - Chris Mueller wins face-off versus Tomas Hertl in Remparts zone.
16:35 of 2nd period - Wrist shot by Devante Smith-Pelly.
16:35 of 2nd period - Shot Blocked by Erik Gustafsson.
16:37 of 2nd period - Minor Penalty to Dale Weise for Holding.
16:38 of 2nd period - Max Reinhart wins face-off versus Artem Anisimov in Remparts zone.
17:15 of 2nd period - Kris Russell is hit by Gustav Nyquist and loses puck.
18:17 of 2nd period - Icing by Artem Anisimov.
18:18 of 2nd period - Maxime Sauvé wins face-off versus Chris Mueller in Gangsters zone.
18:37 of 2nd period - Penalty to Dale Weise is over, Dale Weise is back on ice.
19:25 of 2nd period - Wrist shot by Dave Dziurzynski.
19:25 of 2nd period - Shot Blocked by Erik Gustafsson.
19:38 of 2nd period - Off-side.
19:39 of 2nd period - Maxime Sauvé wins face-off versus Cédric Lalonde-McNicoll in neutral zone.
19:51 of 2nd period - Slapshot by Justin Williams.
19:51 of 2nd period - Shot Misses the Net.
19:53 of 2nd period - Wrist shot by Pasi Salonen.
19:53 of 2nd period - Stopped by Dustin Tokarski without a rebound.
19:54 of 2nd period - Dainius Zubrus wins face-off versus Artem Anisimov in Gangsters zone.
19:57 of 2nd period - Wrist shot by Alex Galchenyuk.
19:57 of 2nd period - Shot Blocked by Gustav Nyquist.
Goals for this period are 1 for Remparts vs 1 for Gangsters.
Shots for this period are 7 for Remparts vs 10 for Gangsters.
3rd period
0:01 of 3rd period - Artem Anisimov wins face-off versus Dainius Zubrus in neutral zone.
0:12 of 3rd period - Wrist shot by Chris Bourque.
0:12 of 3rd period - Stopped by Tyler Plante with a rebound.
0:14 of 3rd period - Slapshot by Matt Delahey.
0:14 of 3rd period - Deflect By Artem Anisimov.
0:14 of 3rd period - Goal by Artem Anisimov - Remparts : 2 - Gangsters : 2.
0:15 of 3rd period - Dainius Zubrus wins face-off versus Chris Bourque in neutral zone.
0:18 of 3rd period - Wrist shot by Ryan Strome.
0:18 of 3rd period - Goal by Ryan Strome - Remparts : 3 - Gangsters : 2.
0:19 of 3rd period - Artem Anisimov wins face-off versus Dainius Zubrus in neutral zone.
1:10 of 3rd period - Tomas Hertl is hit by Cédric Lalonde-McNicoll and loses puck.
1:19 of 3rd period - Snap shot by Pasi Salonen.
1:19 of 3rd period - Stopped by Dustin Tokarski without a rebound.
1:20 of 3rd period - Artem Anisimov wins face-off versus Dainius Zubrus in Gangsters zone.
1:35 of 3rd period - Wrist shot by Alex Galchenyuk.
1:35 of 3rd period - Stopped by Dustin Tokarski without a rebound.
1:36 of 3rd period - Max Reinhart wins face-off versus Maxime Sauvé in Gangsters zone.
1:51 of 3rd period - Wrist shot by Magnus Paajarvi-Svensson.
1:51 of 3rd period - Shot Misses the Net.
2:01 of 3rd period - Guillaume Desbiens is hit by Devante Smith-Pelly and loses puck.
2:29 of 3rd period - Brendan Woods is hit by William Colbert and loses puck.
3:27 of 3rd period - Minor Penalty to Devante Smith-Pelly for Holding.
3:28 of 3rd period - Dainius Zubrus wins face-off versus Gustav Nyquist in Gangsters zone.
4:27 of 3rd period - Gustav Nyquist is hit by Dainius Zubrus and loses puck.
5:11 of 3rd period - Colten Teubert is hit by Daniel Paille and loses puck.
5:27 of 3rd period - Penalty to Devante Smith-Pelly is over, Devante Smith-Pelly is back on ice.
5:34 of 3rd period - Wrist shot by Tomas Hertl.
5:34 of 3rd period - Shot Misses the Net.
5:36 of 3rd period - Slapshot by Morgan Ellis.
5:36 of 3rd period - Shot Blocked by Patrick Maroon.
5:38 of 3rd period - Snap shot by Devante Smith-Pelly.
5:38 of 3rd period - Shot Blocked by Cody Ceci.
5:56 of 3rd period - Wrist shot by Justin Williams.
5:56 of 3rd period - Shot Blocked by Richard Panik.
6:51 of 3rd period - Wrist shot by Devante Smith-Pelly.
6:51 of 3rd period - Shot Misses the Net.
7:12 of 3rd period - Minor Penalty to Jonas Brodin for Hooking.
7:13 of 3rd period - Dainius Zubrus wins face-off versus Gustav Nyquist in Gangsters zone.
7:38 of 3rd period - Artem Anisimov is hit by Kris Russell and loses puck.
7:47 of 3rd period - Wrist shot by Daniel Paille.
7:47 of 3rd period - Stopped by Dustin Tokarski without a rebound.
7:48 of 3rd period - Dainius Zubrus wins face-off versus Chris Bourque in Gangsters zone.
8:17 of 3rd period - Slapshot by William Colbert.
8:17 of 3rd period - Deflect By Matt Delahey.
8:17 of 3rd period - Stopped by Dustin Tokarski with a rebound.
8:19 of 3rd period - Slapshot by Cody Ceci.
8:19 of 3rd period - Shot Blocked by Matt Delahey.
8:23 of 3rd period - Snap shot by Daniel Paille.
8:23 of 3rd period - Stopped by Dustin Tokarski with a rebound.
9:12 of 3rd period - Penalty to Jonas Brodin is over, Jonas Brodin is back on ice.
9:21 of 3rd period - Minor Penalty to Brett Ponich for Close Hand On Puck.
9:22 of 3rd period - Gustav Nyquist wins face-off versus Max Reinhart in Gangsters zone.
9:51 of 3rd period - Slapshot by Kris Russell.
9:51 of 3rd period - Deflect By Guillaume Desbiens.
9:51 of 3rd period - Shot Misses the Net.
9:51 of 3rd period - Puck is out of play.
9:52 of 3rd period - Dainius Zubrus wins face-off versus Chris Bourque in Gangsters zone.
9:59 of 3rd period - Wrist shot by Dainius Zubrus.
9:59 of 3rd period - Stopped by Dustin Tokarski without a rebound.
10:00 of 3rd period - Gustav Nyquist wins face-off versus Dainius Zubrus in Gangsters zone.
10:15 of 3rd period - Snap shot by Dainius Zubrus.
10:15 of 3rd period - Shot Blocked by Michael Sdao.
11:21 of 3rd period - Penalty to Brett Ponich is over, Brett Ponich is back on ice.
11:35 of 3rd period - Off-side.
11:36 of 3rd period - Cédric Lalonde-McNicoll wins face-off versus Tomas Hertl in neutral zone.
12:05 of 3rd period - Snap shot by Daniel Paille.
12:05 of 3rd period - Stopped by Dustin Tokarski without a rebound.
12:06 of 3rd period - Seth Griffith wins face-off versus Max Reinhart in Gangsters zone.
12:15 of 3rd period - Snap shot by Colten Teubert.
12:15 of 3rd period - Stopped by Tyler Plante with a rebound.
12:21 of 3rd period - Snap shot by Cody Ceci.
12:21 of 3rd period - Shot Blocked by Colten Teubert.
12:23 of 3rd period - Wrist shot by Daniel Paille.
12:23 of 3rd period - Deflect By Max Reinhart.
12:23 of 3rd period - Shot Blocked by Bryan Young.
12:23 of 3rd period - Puck is out of play.
12:24 of 3rd period - Alex Galchenyuk wins face-off versus Artem Anisimov in Gangsters zone.
12:39 of 3rd period - Artem Anisimov is hit by Cody Ceci and loses puck.
12:50 of 3rd period - Maxime Sauvé is hit by Cody Ceci and loses puck.
13:05 of 3rd period - Minor Penalty to Magnus Paajarvi-Svensson for Cross-checking.
13:06 of 3rd period - Gustav Nyquist wins face-off versus Dainius Zubrus in Gangsters zone.
13:31 of 3rd period - Max Reinhart is hit by Maxime Sauvé and loses puck.
13:36 of 3rd period - Wrist shot by Chris Bourque.
13:36 of 3rd period - Goal by Chris Bourque - Remparts : 3 - Gangsters : 3.
13:37 of 3rd period - Gustav Nyquist wins face-off versus Dainius Zubrus in neutral zone.
13:44 of 3rd period - Slapshot by Kris Russell.
13:44 of 3rd period - Deflect By Alex Galchenyuk.
13:44 of 3rd period - Stopped by Dustin Tokarski without a rebound.
13:45 of 3rd period - Dainius Zubrus wins face-off versus Gustav Nyquist in Gangsters zone.
13:48 of 3rd period - Slapshot by Dainius Zubrus.
13:48 of 3rd period - Goal by Dainius Zubrus - Remparts : 4 - Gangsters : 3.
13:49 of 3rd period - Artem Anisimov wins face-off versus Dainius Zubrus in neutral zone.
13:54 of 3rd period - Snap shot by Artem Anisimov.
13:54 of 3rd period - Stopped by Tyler Plante with a rebound.
14:02 of 3rd period - Wrist shot by Alex Galchenyuk.
14:02 of 3rd period - Shot Misses the Net.
14:21 of 3rd period - Colten Teubert is hit by Kris Russell and loses puck.
14:54 of 3rd period - Slapshot by Colten Teubert.
14:54 of 3rd period - Stopped by Tyler Plante with a rebound.
15:26 of 3rd period - Wrist shot by Seth Griffith.
15:26 of 3rd period - Shot Misses the Net.
15:28 of 3rd period - Wrist shot by Seth Griffith.
15:28 of 3rd period - Shot Misses the Net.
15:30 of 3rd period - Snap shot by Bryan Young.
15:30 of 3rd period - Shot Misses the Net.
15:44 of 3rd period - Wrist shot by Stefan Noesen.
15:44 of 3rd period - Stopped by Tyler Plante with a rebound.
15:46 of 3rd period - Slapshot by Colten Teubert.
15:46 of 3rd period - Stopped by Tyler Plante with a rebound.
15:50 of 3rd period - Wrist shot by Chris Bourque.
15:50 of 3rd period - Shot Blocked by Guillaume Desbiens.
15:52 of 3rd period - Wrist shot by Chris Bourque.
15:52 of 3rd period - Shot Misses the Net.
15:54 of 3rd period - Backhand shot by Chris Bourque.
15:54 of 3rd period - Stopped by Tyler Plante with a rebound.
15:56 of 3rd period - Snap shot by Gustav Nyquist.
15:56 of 3rd period - Stopped by Tyler Plante without a rebound.
15:57 of 3rd period - Tomas Hertl wins face-off versus Cédric Lalonde-McNicoll in Remparts zone.
16:06 of 3rd period - Wrist shot by Devante Smith-Pelly.
16:06 of 3rd period - Stopped by Tyler Plante without a rebound.
16:07 of 3rd period - Tomas Hertl wins face-off versus Cédric Lalonde-McNicoll in Remparts zone.
16:50 of 3rd period - Snap shot by Tomas Hertl.
16:50 of 3rd period - Shot Misses the Net.
16:52 of 3rd period - Slapshot by Matt Delahey.
16:52 of 3rd period - Shot Misses the Net.
16:54 of 3rd period - Snap shot by Matt Delahey.
16:54 of 3rd period - Stopped by Tyler Plante with a rebound.
17:02 of 3rd period - Wrist shot by Dave Dziurzynski.
17:02 of 3rd period - Shot Misses the Net.
17:04 of 3rd period - Snap shot by Devante Smith-Pelly.
17:04 of 3rd period - Stopped by Tyler Plante with a rebound.
17:06 of 3rd period - Snap shot by Dave Dziurzynski.
17:06 of 3rd period - Shot Misses the Net.
17:14 of 3rd period - Snap shot by Dave Dziurzynski.
17:14 of 3rd period - Stopped by Tyler Plante with a rebound.
17:16 of 3rd period - Snap shot by Dave Dziurzynski.
17:16 of 3rd period - Stopped by Tyler Plante without a rebound.
17:17 of 3rd period - Artem Anisimov wins face-off versus Dainius Zubrus in Remparts zone.
17:20 of 3rd period - Slapshot by Gustav Nyquist.
17:20 of 3rd period - Stopped by Tyler Plante with a rebound.
17:22 of 3rd period - Minor Penalty to Mike Weber for Hooking.
17:23 of 3rd period - Chris Bourque wins face-off versus Max Reinhart in Remparts zone.
17:28 of 3rd period - Slapshot by Gustav Nyquist.
17:28 of 3rd period - Stopped by Tyler Plante without a rebound.
17:29 of 3rd period - Gustav Nyquist wins face-off versus Max Reinhart in Remparts zone.
17:38 of 3rd period - Wrist shot by Chris Bourque.
17:38 of 3rd period - Shot Blocked by Cody Ceci.
17:40 of 3rd period - Slapshot by Bryan Young.
17:40 of 3rd period - Shot Blocked by Max Reinhart.
17:42 of 3rd period - Wrist shot by Artem Anisimov.
17:42 of 3rd period - Stopped by Tyler Plante with a rebound.
17:44 of 3rd period - Wrist shot by Chris Bourque.
17:44 of 3rd period - Shot Misses the Net.
17:58 of 3rd period - Patrick Maroon is hit by Magnus Paajarvi-Svensson and loses puck.
19:22 of 3rd period - Penalty to Mike Weber is over, Mike Weber is back on ice.
19:30 of 3rd period - Wrist shot by Ryan Strome.
19:30 of 3rd period - Shot Blocked by Brett Ponich.
19:38 of 3rd period - Snap shot by Max Reinhart.
19:38 of 3rd period - Goal by Max Reinhart - Remparts : 5 - Gangsters : 3.
19:39 of 3rd period - Cédric Lalonde-McNicoll wins face-off versus Tomas Hertl in neutral zone.
Goals for this period are 3 for Remparts vs 2 for Gangsters.
Shots for this period are 11 for Remparts vs 18 for Gangsters.
Back to the Top